Map: [TLMC15] Berlingrad

Players

Maru - Winner!

  • Race: Terran Terran

TIME (Oliveira)

  • Race: Terran Terran

Event: DreamHack SC2 Masters Last Chance 2022

VOD

Have the link to the VOD?

Description

Time

  • Played on: Jan. 16, 2022, 10:49 a.m.
  • Length: 7:57

All games in this series

Show
View Real Time Build Order
Export as new Build Order

Maru Terran - Winner!

Build Orders:  

Get SALT Encoding   

  12  0:00  SCV  
  13  0:12  SCV  
  14  0:16  Supply Depot  
  14  0:24  SCV  
  15  0:38  SCV  
  15  0:41  Barracks  
  16  0:44  Refinery  
  16  0:50  SCV  
  16  0:52  Refinery  
  17  1:02  SCV  
  18  1:14  SCV  
  19  1:27  Orbital Command  
  19  1:28  Reaper  
  19  1:32  Supply Depot  
  20  1:41  Factory  
  20  1:53  SCV  
  21  2:00  Reaper  
  22  2:05  SCV  
  23  2:17  SCV  
  23  2:21  Command Center  
  24  2:26  Hellion  
  24  2:29  SCV  
  27  2:32  Barracks Reactor  
  27  2:35  Supply Depot  
  27  2:41  SCV  
  28  2:47  Widow Mine  
  28  2:51  Starport  
  30  2:54  SCV  
  31  3:06  SCV  
  31  3:08  Marine  
  31  3:09  Factory Tech Lab, Marine  
  34  3:15  Refinery  
  34  3:18  SCV  
  35  3:27  Starport Tech Lab  
  35  3:28  Cyclone  
  35  3:29  Marine  
  35  3:32  Marine  
  40  3:34  Orbital Command  
  40  3:46  SCV, Raven  
  40  3:47  Marine  
  44  3:50  Marine  
  44  3:51  Supply Depot  
  45  3:59  SCV  
  45  4:00  SCV  
  47  4:03  Siege Tank  
  50  4:11  SCV  
  50  4:12  SCV  
  50  4:13  Marine x2  
  53  4:23  SCV  
  54  4:24  SCV  
  53  4:32  Raven  
  53  4:33  Marine x2  
  53  4:35  SCV  
  53  4:36  SCV  
  59  4:40  Supply Depot  
  59  4:47  SCV  
  59  4:48  SCV  
  59  4:49  Supply Depot  
  61  4:56  Command Center  
  61  4:59  SCV  
  62  5:02  Siege Tank  
  62  5:03  SCV  
  64  5:11  SCV  
  65  5:15  Raven  
  65  5:16  SCV, Refinery  
  65  5:20  Marine x2  
  70  5:24  SCV  
  70  5:28  SCV  
  72  5:35  Barracks x2  
  71  5:36  SCV, Siege Tank  
  71  5:38  Supply Depot  
  71  5:40  SCV  
  76  5:43  Supply Depot  
  76  5:47  Engineering Bay  
  76  5:48  Engineering Bay  
  76  5:50  SCV  
  76  5:53  SCV  
  78  5:59  Supply Depot  
  78  6:02  SCV  
  79  6:05  SCV  
  79  6:08  Viking x2  
  84  6:12  Siege Tank  
  87  6:19  SCV  
  87  6:21  Orbital Command  
  87  6:24  Barracks Reactor  
  87  6:25  Barracks Reactor, Marine  
  89  6:38  Viking x2  
  93  6:48  Missile Turret  
  93  6:50  Supply Depot  
  93  6:52  Marine  
  94  6:59  Siege Tank  
  94  7:01  Marine x4  
  97  7:10  Marine  
  98  7:16  Viking  
  98  7:18  Marine x2  
  98  7:19  Marine x2  
  104  7:23  SCV x2  
  104  7:27  SCV  
  104  7:28  Marine  
  97  7:36  SCV x2, Marine x3  
  97  7:37  Marine  
Show
View Real Time Build Order
Export as new Build Order

TIME Terran 

Build Orders:  

Get SALT Encoding   

  12  0:00  SCV  
  13  0:12  SCV  
  14  0:17  Supply Depot  
  14  0:24  SCV  
  15  0:39  SCV, Barracks  
  16  0:44  Refinery  
  16  0:51  SCV  
  16  0:54  Refinery  
  17  1:03  SCV  
  18  1:15  SCV  
  19  1:27  Reaper, Orbital Command  
  19  1:28  Supply Depot  
  20  1:45  Factory  
  20  1:53  SCV  
  21  2:00  Reaper  
  22  2:05  SCV  
  23  2:17  SCV  
  24  2:23  Command Center  
  26  2:30  Hellion, SCV  
  26  2:32  Barracks Reactor  
  27  2:41  Starport  
  27  2:43  SCV  
  28  2:49  Supply Depot  
  28  2:55  Widow Mine  
  28  2:56  SCV  
  31  3:11  SCV, Marine x2  
  34  3:17  Factory Tech Lab  
  34  3:18  Medivac  
  36  3:24  SCV  
  37  3:28  Marine x2  
  39  3:35  Orbital Command  
  39  3:37  Cyclone  
  39  3:40  SCV  
  43  3:43  Refinery  
  43  3:46  Marine x2  
  45  3:51  Starport Tech Lab  
  45  3:52  SCV  
  46  4:01  Supply Depot, SCV  
  47  4:04  SCV  
  48  4:12  Raven  
  48  4:13  Marine x2  
  48  4:14  SCV  
  50  4:25  SCV  
  50  4:27  SCV, Siege Tank  
  50  4:31  Marine  
  55  4:34  Supply Depot  
  55  4:36  Marine  
  57  4:40  SCV x2  
  59  4:46  Command Center  
  60  4:52  SCV  
  60  4:53  SCV  
  60  4:59  Siege Tank  
  64  5:03  Supply Depot  
  64  5:04  SCV  
  64  5:05  SCV  
  66  5:08  Medivac x2  
  70  5:17  Supply Depot  
  70  5:19  SCV x2  
  70  5:21  Stimpack  
  70  5:24  Marine  
  71  5:31  SCV  
  71  5:32  SCV  
  73  5:42  Marine  
  74  5:45  Siege Tank  
  74  5:46  Viking, Barracks  
  74  5:48  Barracks  
  79  5:55  SCV x2  
  79  5:56  Viking  
  83  5:58  Refinery  
  83  6:00  Marine, Orbital Command  
  84  6:07  SCV  
  84  6:09  SCV  
  86  6:18  Marine  
  85  6:19  SCV, Siege Tank  
  85  6:21  Viking  
  85  6:23  SCV, Orbital Command  
  92  6:31  SCV  
  93  6:34  Barracks Reactor  
  93  6:36  Barracks Reactor  
  93  6:37  SCV  
  93  6:38  Marine  
  95  6:42  Engineering Bay x2  
  95  6:43  SCV, Barracks  
  95  6:45  Viking  
  95  6:46  Barracks  
  98  6:49  SCV  
  99  6:56  Marine  
  99  7:00  SCV  
  101  7:03  Viking  
  101  7:07  Supply Depot x2  
  101  7:12  SCV  
  101  7:13  SCV  
  101  7:14  SCV  
  101  7:15  Marine  
  101  7:16  Marine x2  
  101  7:19  Siege Tank  
  70  7:31  Marine  
  70  7:32  SCV x2  
  70  7:36  Marine  

Tags
 
Add a new tag
Caveats
  • Supply blocks, unpowered buildings, or Contaminate may cause inaccurate times.
  • Supply counts are checked every 10 seconds.